 Dungeon Crawl Stone Soup version 0.27.1-33-g824d729ab1 (webtiles) character file.

Game seed: 16440434341685036174

40 spiecas the Poker (level 3, -3/28 HPs)
             Began as a Merfolk Gladiator on Dec 20, 2021.
             Killed by nerve-wracking pain
             ... invoked by an orc priest
              (10 damage)
             ... on level 2 of the Dungeon.
             The game lasted 00:13:53 (2257 turns).

spiecas the Poker (Merfolk Gladiator)               Turns: 2257, Time: 00:13:53

Health: -3/28      AC:  8    Str: 14    XL:     3   Next: 50%
Magic:  2/3        EV: 13    Int:  7    God:
Gold:   47         SH:  0    Dex: 16    Spells: 2/2 levels left

rFire    . . .     SeeInvis .   a - +0 trident
rCold    . . .     Faith    .   (no shield)
rNeg     . . .     Spirit   .   b - +0 leather armour
rPois    .         Reflect  .   c - +0 helmet
rElec    .         Harm     .   (no cloak)
rCorr    .         Rampage  .   (no gloves)
Will     .....                  (no boots)
Stlth    +.........             (no amulet)
HPRegen  0.09/turn              g - +4 ring of protection
MPRegen  0.08/turn              (no ring)

@: no status effects
A: (nimble swimmer 2), mertail
a: no special abilities


You were on level 2 of the Dungeon.
You visited 1 branch of the dungeon, and saw 3 of its levels.

You collected 47 gold pieces.

Inventory:

Hand Weapons
 a - a +0 trident (weapon)
Missiles
 d - 3 throwing nets (quivered)
Armour
 b - a +0 leather armour (worn)
 c - a +0 helmet (worn)
 f - a +0 ring mail
Magical Staves
 h - a staff of air
Jewellery
 g - a +4 ring of protection (left hand)
Potions
 e - 2 potions of mutation {unknown}
 i - a potion of lignification {unknown}


   Skills:
 + Level 2.4 Fighting
 + Level 5.4 Polearms
 + Level 2.0 Throwing
 + Level 0.7 Armour
 + Level 4.4 Dodging
 + Level 0.2 Stealth


You had 2 spell levels left.
You didn't know any spells.
Your spell library contained the following spells:

 Spells                   Type           Power      Damage    Failure   Level
 Slow                     Hex            0%         N/A       65%         2
 Confusing Touch          Hex            0%         N/A       87%         3
 Yara's Violent Unravell  Hex/Tmut       0%         3d3       100%        5


Dungeon Overview and Level Annotations

Branches:
Dungeon (3/15)

Altars:


Innate Abilities, Weirdness & Mutations

((You are quick and stealthy near water. (Stealth+, EV+, Speed+++)))
Your lower body shifts to a powerful aquatic tail in water.


Message History

The orc barely misses you.
The orc priest hits you with a +0 dagger.
You hit the orc priest but do no damage.
The orc priest is lightly wounded.
The orc barely misses you.
The orc priest hits you with a +0 dagger.
You hit the orc priest.
The orc priest is moderately wounded.
The orc hits you from afar with a +1 antimagic trident.
The orc priest hits you but does no damage.
You hit the orc.
The orc is lightly wounded.
The orc barely misses you. x2
The orc priest hits you with a +0 dagger.
You hit the orc but do no damage.
The orc is lightly wounded.
The orc hits you with a +0 dagger. The orc barely misses you.
The orc priest hits you but does no damage.
You hit the orc.
The orc is severely wounded.
The orc hits you from afar with a +1 antimagic trident.
You feel your power leaking away. The orc priest barely misses you.
You puncture the orc!
You kill the orc!
The orc misses you.
The orc priest invokes the aid of Beogh against you.
Pain shoots through your body! The orc barely misses you.
The orc priest hits you with a +0 dagger.
* * * LOW HITPOINT WARNING * * *
You climb upwards.
There is a stone staircase leading down here.
You see here a hobgoblin skeleton.
The orc priest misses you.
You hit the orc priest but do no damage.
The orc priest is moderately wounded.
The orc priest mumbles some strange prayers to Beogh against you.
Pain shoots through your body!
You die...

#.# ..# ######### #.# #.....<.#
#.# #.......# #.# #.......# #.#
##############.......######## #.#
#............>............... #.#
##.##########o###...######### #.#
#.#........@..[#...#
#.####.#.########.#.#...#
....##.#.# #.#.#...#
#.#.##.#.########.#.....#
#.#.##.#.......##.####'##
#.#.##.#######.#.....#.#
#.#.##....# #........#.#
#.#.#####.###..#..####.##########
#.#....#.............)...........


You could see an orc priest.

Vanquished Creatures
  4 dart slugs
  An orc (D:3)
  2 bats (D:1)
  6 endoplasms
  A giant cockroach (D:1)
  5 hobgoblins
  2 kobolds
  4 ball pythons (D:1)
  2 goblins (D:1)
  A rat (D:1)
28 creatures vanquished.

Vanquished Creatures (others)
  2 plants (D:2)
2 creatures vanquished.

Grand Total: 30 creatures vanquished

Notes
Turn   | Place    | Note
-------+----------+-------------------------------------------
     0 | D:1      | spiecas the Merfolk Gladiator began the quest for the Orb.
     0 | D:1      | Reached XP level 1. HP: 16/16 MP: 1/1
   395 | D:1      | Reached XP level 2. HP: 22/22 MP: 2/2
   404 | D:1      | Reached skill level 5 in Polearms
   673 | D:1      | Found a faded altar of an unknown god.
   784 | D:1      | Reached XP level 3. HP: 27/28 MP: 3/3
  2257 | D:2      | Killed from afar by an orc priest

Illustrated notes

Levels and vault maps discovered:
D:1:      amcnicky_arrival_feature_with_door, layout_basic, serial_glass,
          glass_columns_c, glass_columns_a, glass_columns_b, glass_columns_c,
          glass_columns_a, glass_columns_a, glass_columns_c, glass_columns_a,
          glass_columns_c, glass_columns_b,
          dreamdust_ecumenical_altar_angels_and_demons, minmay_tetromino_l2
D:2:      cheibrodos_old_hovel, layout_basic
D:3:      layout_loops_ring, slow_altar_2, nicolae_dithmenos_the_darkroom

Skill      XL: |  1  2 |
---------------+-------+-----
Polearms       | 5 |  5.4
Fighting       | |  2.4
Throwing       | |  2.0
Armour         | |  0.7
Dodging        | |  4.4
Stealth        | |  0.2

Action                   || total
-------------------------++-------
Melee: Trident           ||    96
  Use: Scroll            ||     2
Armor: Leather armour    ||    17
Dodge: Dodged            ||    53
